cohdb
Replays
Latest Replays
All Replays
Popular Replays
Top Player Replays
Match Explorer
How It Works
Community
CoH3 Stats
Reddit
Sign in to upload your games and track your stats! →
Sign in with Steam
Match 42435884
Unlisted
Match 42435884
Overview
Messages
Build Orders
End
Scout Squad
Selects Special Operations Battlegroup
Selects M29 Weasel Recon Vehicle
M29 Weasel Recon Vehicle
Construct Weapon Support Center
Sniper
Engineer Squad
Construct Medical Station
Infantry Support Center
M1919 Machine Gun Team
M3 Armored Personnel Carrier
Engineer Squad
Construct Motor Pool
M8 Greyhound Armored Car
Engineer Squad
M24 Chaffee Light Tank
Bazooka Squad
M24 Chaffee Light Tank
M24 Chaffee Light Tank
Engineer Squad
M24 Chaffee Light Tank
M1919 Machine Gun Team
M1 Anti-tank Gun Team
M24 Chaffee Light Tank
Selects P-47 Anti-Infantry Loiter
Selects UNKNOWN (2162291)
Selects Raiding Flares
Selects SSF Commando Squad
SSF Commando Squad
Raiding Flares
P-47 Anti-Infantry Loiter
M24 Chaffee Light Tank
SSF Commando Squad
P-47 Anti-Infantry Loiter
P-47 Anti-Infantry Loiter
Raiding Flares
Engineer Squad
Selects Air Re-supply Operation
Thank You Chef
Freydal
0
0
Comments
sign in to comment!
No comments posted yet!